AoeStats
← Governor1234

Four Lakes

510254596Analyzed
1v1 RM · 3d ago on Sep 30, 2026· 42m 46s· 2 players
Game mode
Random Map
Map size
Tiny (2 player)
Population
200
Speed
Normal
Resources
Standard
Victory
Conquest
Starting age
Dark Age
Ending age
Imperial Age
RankedLock teamsTeams togetherTeam positionsShared explorationLock speedFull tech treeHidden civsTurbo modeCheats
Victory
Defeat
🇺🇾 Persians · Uruguay
406
+17
🇨🇳 Vikings · China
427
-24
ONLY FLANS
9:28 Feudal Age
7:45 Loom
12:25 Wheelbarrow
12:27 Horse Collar
14:49 Double-Bit Axe
21:35 Castle Age
20:58 Stone Mining
20:58 Gold Mining
23:42 Bow Saw
28:56 Kamandaran
31:16 Gold Shaft Mining
30:44 Crossbowman
32:49 Fletching
33:02 Padded Archer Armor
33:15 Forging
36:43 Imperial Age
35:39 Thumb Ring
38:10 Conscription
39:46 Chemistry
39:07 Ballistics
40:46 Elite War Elephant
43:16 Hand Cart
42:46 Town Watch
Governor1234
9:37 Loom
12:04 Feudal Age
14:37 Double-Bit Axe
16:17 Scale Mail Armor
16:29 Forging
23:04 Castle Age
22:07 Fletching
22:09 Arson
27:05 Chain Mail Armor
27:26 Iron Casting
31:24 Pikeman
33:22 Bodkin Arrow
34:02 Squires
34:05 Town Watch
34:50 Fervor
39:08 Town Patrol
45:05 Imperial Age
Connection lost

Rejoining the realm…

Still unreachable

The connection could not be restored.

Session expired

The server has moved on; the page needs a fresh start.